cohdb
Replays
Latest Replays
All Replays
Popular Replays
Top Player Replays
Match Explorer
How It Works
Community
CoH3 Stats
Reddit
Sign in to upload your games and track your stats! →
Sign in with Steam
Match 46756151
Unlisted
Match 46756151
Overview
Messages
Build Orders
End
Pioneer Squad
Construct Infanterie Kompanie
Grenadier Squad
Selects Terror Battlegroup
Selects Machine Gun Camouflage
Grenadier Squad
MG 42 Machine Gun Team
Construct Luftwaffe Kompanie
221 Scout Car
Flak 30 Anti-aircraft Gun Team
Flak 30 Anti-aircraft Gun Team
Medical Station
Support Elements
Selects No Quarter
Wirbelwind Flakpanzer
UMirinBrah?
Stana
0
0
Comments
sign in to comment!
No comments posted yet!